 Dungeon Crawl Stone Soup version 0.19.0-17-g07987d3 (webtiles) character file.

910 Gravenous the Cudgeler (level 8, -6/83 HPs)
             Began as an Ogre Arcane Marksman on Nov 10, 2016.
             Mangled by an ogre
             ... wielding a +0 giant club
              (19 damage)
             ... on level 4 of the Dungeon.
             The game lasted 00:10:43 (5658 turns).

Gravenous the Cudgeler (Ogre Arcane Marksman)       Turns: 5658, Time: 00:10:44

Health: -6/83      AC:  4    Str: 21    XL:     8   Next: 8%
Magic:  0/9        EV: 11    Int: 12    God:
Gold:   228        SH:  0    Dex:  9    Spells: 1 memorised, 8 levels left

rFire  . . .     SeeInvis .     w - +1 scimitar (slice)
rCold  . . .     Gourm    .     a - +1 robe
rNeg   . . .     Faith    .     (no shield)
rPois  +         Spirit   +     (helmet restricted)
rElec  .         Reflect  .     (no cloak)
rCorr  .         Harm     .     (gloves unavailable)
MR     .....     Rnd*Tele +     (boots unavailable)
Stlth  +.........               s - amulet of guardian spirit
                                t - ring of teleportation (curse)
                                r - ring of poison resistance

@: no status effects
A: unfitting armour, strong 1, tough skin 1
a: no special abilities


You were on level 4 of the Dungeon.
You were hungry.

You visited 1 branch of the dungeon, and saw 5 of its levels.

You collected 228 gold pieces.

Inventory:

Hand Weapons
 g - a +1 whip
 w - a +1 scimitar of slicing (weapon)
Missiles
 x - 3 javelins (quivered)
Armour
 a - a +1 robe (worn)
Jewellery
 e - an uncursed ring of resist corrosion
 h - a cursed -3 ring of protection {unknown}
 i - an uncursed amulet of faith
 l - an uncursed ring of protection from magic
 n - an uncursed ring of protection from cold
 r - a ring of poison resistance (left hand)
 s - an amulet of guardian spirit (around neck)
 t - a cursed ring of teleportation (right hand)
Scrolls
 c - a scroll of enchant armour
Potions
 j - a potion of curing
 m - 2 potions of degeneration
Books
 b - a book of Debilitation

   Spells                             Type                      Level
   a - Corona                         Hexes                        1
   b - Slow                           Hexes                        2
   c - Gell's Gravitas                Hexes/Translocation          3
   d - Inner Flame                    Hexes/Fire                   3
   e - Cause Fear                     Hexes                        4
   f - Leda's Liquefaction            Hexes/Earth                  4
Comestibles
 f - a bread ration
 p - a meat ration
 q - 2 slices of pizza


   Skills:
 + Level 5.8 Fighting
 * Level 7.9 Maces & Flails
 - Level 2.0 Throwing
 + Level 4.6 Dodging
 - Level 1.2 Spellcasting
 - Level 2.1 Hexes


You had 8 spell levels left.
You knew the following spells:

 Your Spells              Type           Power        Failure   Level  Hunger
a - Corona                Hex            #......      14%         1    ##.....


Dungeon Overview and Level Annotations

Branches:
Dungeon (5/15)
 Temple: D:4-7

Altars:

Shops:
D:4 *


Innate Abilities, Weirdness & Mutations

You are too large for most types of armour.
You have tough skin. (AC +1)
Your muscles are strong. (Str +2)


Message History

Press: ? - help, Shift-Dir - straight line, f - ogre
Aim: an ogre, wielding a giant club You throw a large rock.
The large rock barely misses the ogre.
Throwing (i - inventory. (,) - cycle):
d - a large rock (quivered)
Press: ? - help, Shift-Dir - straight line, f/p - ogre
Aim: an ogre, wielding a giant club You throw a large rock.
The large rock hits the ogre!
The ogre is moderately wounded.
The ogre hits you with a giant club!!
* * * LOW HITPOINT WARNING * * *
Unknown command.
Throwing (i - inventory):
x - 3 javelins (quivered)
Press: ? - help, Shift-Dir - straight line, f/p - ogre
Aim: an ogre, wielding a giant club (moderately wounded)
Okay, then.
Fire/throw which item? (* to show all) (? for menu, Esc to quit)
Okay, then.
Okay, then.
The ogre hits you with a giant club!!
You die...

#########
##
#.......#
#.......###
#..........
#..........
#..........
#..>(.....(
#..O.......
#.@........
#..........
#..........
#.......###
#.......#
#.!.....#
#.......#
#........


You could see an ogre.

Vanquished Creatures
  4 water moccasins
  A hound (D:4)
  2 orc wizards (D:3)
  An iguana (D:4)
  3 worker ants (D:4)
  10 gnolls
  8 adders
  A shadow imp (D:4)
  2 oozes
  A worm (D:2)
  3 dart slugs (D:1)
  3 leopard geckos
  8 orcs (D:3)
  12 giant cockroaches
  8 goblins
  10 hobgoblins
  13 kobolds
  A quokka (D:2)
  2 ball pythons (D:3)
  8 bats
  7 frilled lizards
  8 rats
116 creatures vanquished.

Notes
Turn   | Place    | Note
-------+----------+-------------------------------------------
     0 | D:1      | Gravenous the Ogre Arcane Marksman began the quest for the Orb.
     0 | D:1      | Reached XP level 1. HP: 19/19 MP: 2/2
   352 | D:1      | Reached XP level 2. HP: 27/28 MP: 1/3
   781 | D:1      | Reached skill level 1 in Maces & Flails
   834 | D:1      | Reached XP level 3. HP: 30/36 MP: 4/4
  1196 | D:1      | Reached skill level 2 in Maces & Flails
  1451 | D:2      | Reached XP level 4. HP: 37/45 MP: 2/5
  1669 | D:2      | You fall through a shaft!
  2039 | D:2      | Found a faded altar of an unknown god.
  2046 | D:2      | Reached skill level 3 in Maces & Flails
  2433 | D:2      | Reached XP level 5. HP: 49/53 MP: 6/6
  3523 | D:3      | Reached skill level 4 in Maces & Flails
  3986 | D:3      | Reached XP level 6. HP: 62/62 MP: 7/7
  4257 | D:3      | Reached skill level 5 in Maces & Flails
  4656 | D:4      | Found Bacynaa's Serpentskin Sales.
  4656 | D:4      | Noticed a water moccasin
  4656 | D:4      | Noticed a water moccasin
  4656 | D:4      | Noticed a water moccasin
  4656 | D:4      | Noticed a water moccasin
  4682 | D:3      | Killed a water moccasin
  4682 | D:3      | Reached skill level 6 in Maces & Flails
  4682 | D:3      | Reached XP level 7. HP: 14/71 MP: 0/8
  4998 | D:3      | Gained mutation: Your muscles are strong. (Str +2) [potion of beneficial mutation]
  5003 | D:3      | Reached skill level 5 in Fighting
  5491 | D:4      | Reached skill level 7 in Maces & Flails
  5616 | D:4      | Reached XP level 8. HP: 20/83 MP: 3/9
  5642 | D:5      | Entered Level 5 of the Dungeon
  5658 | D:4      | Mangled by an ogre

Skill      XL: |  1  2  3  4  5  6  7 |
---------------+----------------------+-----
Dodging        | 2 3 4 |  4.6
Fighting       | 2 3 4 5 |  5.8
Maces & Flails | 1 2 3 4 6 7 |  7.9
Throwing       | |  2.0
Spellcasting   | |  1.2
Hexes          | |  2.1

Action                   |  1- 3 |  4- 6 |  7- 9 || total
-------------------------+-------+-------+-------++-------
Melee: Unarmed           |    31 |       |       ||    31
       Short sword       |   157 |   186 |       ||   343
       Scimitar          |       |    71 |    40 ||   111
Throw: Large rock        |     3 |    26 |     5 ||    34
       Throwing net      |       |     1 |     2 ||     3
       Javelin           |       |       |     4 ||     4
 Cast: Corona            |     7 |    11 |       ||    18
  Use: Scroll            |     5 |     4 |       ||     9
       Potion            |       |       |    10 ||    10
 Stab: Held in net/web   |       |     1 |       ||     1
  Eat: Chunk             |     2 |    11 |     3 ||    16
Armor: Robe              |    85 |   100 |    14 ||   199
Dodge: Dodged            |   136 |   173 |    50 ||   359
       Rpst.: Scimitar   |       |    17 |    13 ||    30
